Map: Coda EC

Players

AgCl

  • Race: Protoss Protoss

CuriousJorge - Winner!

  • Race: Zerg Zerg

VOD

Have the link to the VOD?

Description

Time

  • Played on: May 9, 2015, 5:35 p.m.
  • Length: 4:59
Show
View Real Time Build Order
Export as new Build Order

AgCl Protoss 

Build Orders: Oracle Opening, Oracle Opening 

Get SALT Encoding   

  12  0:09  Pylon  
  12  0:30  Gateway  
  12  0:31  Probe  
  13  0:43  Probe, Assimilator  
  14  0:55  Probe  
  15  1:03  Pylon  
  15  1:07  Probe (Chrono Boost)  
  16  1:18  Probe (Chrono Boost)  
  17  1:19  Cybernetics Core  
  17  1:25  Probe  
  18  1:37  Probe  
  19  1:45  Pylon  
  19  1:49  Probe (Chrono Boost)  
  19  1:51  Assimilator  
  21  2:01  Probe (Chrono Boost)  
  21  2:07  Probe (Chrono Boost)  
  22  2:08  Stargate  
  22  2:18  Probe  
  23  2:29  Gateway  
  23  2:30  Warp Gate (Chrono Boost)  
  23  2:31  Probe (Chrono Boost)  
  24  2:41  Probe (Chrono Boost)  
  25  2:47  Gateway  
  25  2:48  Probe  
  26  2:54  Oracle (Chrono Boost)  
  29  3:00  Probe  
  30  3:12  Probe (Chrono Boost)  
  31  3:24  Mothership Core (Chrono Boost)  
  33  3:34  Pylon  
  33  3:38  Probe  
  33  3:44  Oracle (Chrono Boost)  
  36  4:01  Probe  
  37  4:15  Nexus  
  37  4:20  Pylon  
  37  4:28  Pylon  
  37  4:42  Zealot  
  37  4:43  Zealot x2  
  42  4:54  Forge  
Show
View Real Time Build Order
Export as new Build Order

CuriousJorge Zerg - Winner!

Build Orders: Hatch First 

Get SALT Encoding   

  12  0:00  Drone  
  13  0:12  Overlord  
  13  0:19  Drone  
  14  0:30  Drone x2  
  14  0:34  Drone  
  17  0:55  Hatchery  
  16  1:00  Drone  
  17  1:10  Drone  
  18  1:14  Drone  
  19  1:19  Extractor  
  18  1:29  Drone  
  18  1:30  Drone, Spawning Pool  
  19  1:41  Drone  
  20  1:50  Overlord  
  20  2:04  Drone  
  21  2:10  Drone  
  21  2:13  Drone  
  23  2:16  Queen x2  
  23  2:18  Zergling x2  
  23  2:21  Metabolic Boost  
  28  2:28  Zergling x2  
  29  2:30  Drone  
  29  2:34  Zergling x2  
  31  2:39  Spine Crawler  
  31  2:43  Overlord  
  30  2:54  Queen  
  32  3:00  Drone  
  32  3:02  Drone  
  32  3:03  Drone  
  32  3:04  Drone  
  36  3:09  Drone  
  37  3:18  Drone x2  
  39  3:32  Queen  
  41  3:35  Drone  
  41  3:36  Drone x2  
  41  3:37  Overlord x2  
  44  4:03  Spore Crawler  
  44  4:04  Spore Crawler  
  44  4:06  Drone x2  
  44  4:12  Spore Crawler  
  44  4:13  Drone x3  
  44  4:14  Drone x2, Extractor x2, Spore Crawler  
  45  4:24  Zergling x16  
  56  4:54  Extractor  
Tags
 
Add a new tag
Caveats
  • Supply blocks, unpowered buildings, or Contaminate may cause inaccurate times.
  • Supply counts are checked every 10 seconds.